 Dungeon Crawl Stone Soup version 0.24-a0-479-g9a978d2894 (webtiles) character file.

Game seed: 15940465399018043523

9 forest the Sneak (level 2, -1/15 HPs)
             Began as a Spriggan Assassin on July 8, 2019.
             Slain by a hobgoblin
             ... wielding a +0 club
              (4 damage)
             ... on level 1 of the Dungeon.
             The game lasted 00:01:27 (135 turns).

forest the Sneak (Spriggan Assassin)                 Turns: 135, Time: 00:01:28

Health: -1/15      AC:  3    Str:  7    XL:     2   Next: 3%
Magic:  3/3        EV: 17    Int: 12    God:
Gold:   18         SH:  0    Dex: 17    Spells: 1/1 levels left

rFire    . . .     SeeInvis +   a - +2 dagger
rCold    . . .     Gourm    .   (shield restricted)
rNeg     . . .     Faith    .   b - +0 robe
rPois    .         Spirit   .   (helmet restricted)
rElec    .         Reflect  .   c - +0 cloak
rCorr    .         Harm     .   (gloves unavailable)
MR       .....                  (boots unavailable)
Stlth    +++.......             (no amulet)
HPRegen  0.05/turn              (no ring)
MPRegen  0.08/turn              (no ring)

@: very quick
A: very small, unfitting armour, see invisible, herbivore, speed 3, slow
metabolism 2
a: no special abilities


You were on level 1 of the Dungeon.
You were not hungry.

You visited 1 branch of the dungeon, and saw 1 of its levels.

You collected 18 gold pieces.

Inventory:

Hand Weapons
 a - a +2 dagger (weapon)
Armour
 b - a +0 robe (worn)
 c - a +0 cloak (worn)
Scrolls
 g - a scroll of blinking {unknown}
Comestibles
 f - a ration


   Skills:
 + Level 1.7 Fighting
 + Level 2.2 Short Blades
 + Level 2.1 Throwing
 + Level 1.5 Dodging
 + Level 6.3 Stealth


You had one spell level left.
You didn't know any spells.
Your spell library was empty.

Dungeon Overview and Level Annotations

Branches:
Dungeon (1/15)

Altars:


Innate Abilities, Weirdness & Mutations

You are very small and have problems with some larger weapons.
You are too small for most types of armour.
You have supernaturally acute eyesight. (SInv)
You are a herbivore.
You cover ground extremely quickly.
You need to consume almost no food.


Message History

Aim: a rat You throw a poisoned dart.
The poisoned dart closely misses the rat.
Throwing (i - inventory. (/) - cycle)
d - a poisoned dart (quivered)
Press: ? - help, Shift-Dir - straight line, f/p - rat
Aim: a rat You throw a poisoned dart.
The poisoned dart hits the rat.
The rat is poisoned.
You kill the rat!
Throwing (i - inventory)
e - a curare-tipped dart (quivered)
Press: ? - help, Shift-Dir - straight line, f - hobgoblin
Aim: a hobgoblin, wielding a +0 club You throw a curare-tipped dart.
The curare-tipped dart closely misses the hobgoblin.
You hit the hobgoblin.
The hobgoblin is heavily wounded.
The hobgoblin misses you.
You closely miss the hobgoblin.
The hobgoblin is heavily wounded.
The hobgoblin hits you with a +0 club.
You die...

.....####.... ....##.#.####.....
>..........#########†..##....###
..........(....................
###........)....(#.##†r...####
#........####........#..####
#...†........#'#.(........##
#†......######.##.......#...
###...########.##..#.##.)...
#.(.....g@#8.8#...........
#...#.#####...#....###.###
#####..# ##...###...##.###
##..##≈...≈#..#.......
#g.#≈...≈#####..#..# ..#≈...≈#
#.##.## ..#≈...≈# ..# .#≈.<.≈#
.## ##...## ..


You could see a hobgoblin.

Vanquished Creatures
  A bat (D:1)
  A giant cockroach (D:1)
  A goblin (D:1)
  2 hobgoblins (D:1)
  3 rats (D:1)
8 creatures vanquished.

Notes
Turn   | Place    | Note
-------+----------+-------------------------------------------
     0 | D:1      | forest the Spriggan Assassin began the quest for the Orb.
     0 | D:1      | Reached XP level 1. HP: 10/10 MP: 2/2
    18 | D:1      | Reached skill level 6 in Stealth
   115 | D:1      | Reached XP level 2. HP: 4/15 MP: 3/3
   135 | D:1      | Slain by a hobgoblin

Levels and vault maps discovered:
D:1:      wander_arrival_chamber, layout_rooms, minmay_heptomino_h4

Skill      XL: |  1 |
---------------+----+-----
Stealth        | 6 |  6.3
Fighting       | |  1.7
Short Blades   | |  2.2
Throwing       | |  2.1
Dodging        | |  1.5

Action                   || total
-------------------------++-------
Melee: Dagger            ||    12
Throw: Dart              ||    12
 Stab: Sleeping          ||     2
Armor: Robe              ||     3
Dodge: Dodged            ||    14

Table legend:
 A = Non-vault XP
 B = Vault XP
 C = Vault XP percentage of total XP
 D = Non-vault monster count
 E = Vault monster count
 F = Vault count percentage of total count
                 A         B        C        D         E       F
            +---------+---------+-------+---------+---------+-------
      Total |      13 |       0 |   0.0 |       8 |       0 |   0.0
            +---------+---------+-------+---------+---------+-------
        D:1 |      13 |       0 |   0.0 |       8 |       0 |   0.0
            +---------+---------+-------+---------+---------+-------
